AoeStats
← Death_Rider

MegaRandom

508811148Analyzed
4v4 RM · 10d ago on Sep 24, 2026· 49m 56s· 8 players
Game mode
Random Map
Map size
Large (8 player)
Population
200
Speed
Normal
Resources
Standard
Victory
Conquest
Starting age
Dark Age
Ending age
Imperial Age
RankedLock teamsTeams togetherTeam positionsShared explorationLock speedFull tech treeHidden civsTurbo modeCheats
Victory
Defeat
🇺🇸 Armenians · United States
963
+13
🇨🇦 Turks · Canada
936
+14
🇲🇽 Britons · Mexico
909
+16
🇻🇳 Franks · Vietnam
867
+17
🇩🇪 Poles · Germany
944
-17
🇱🇻 Mongols · Latvia
935
-16
🇩🇰 Vietnamese · Denmark
869
-14
🇧🇴 Danes · Bolivia
852
-13
EXG --- Mistico
3:23 Loom
13:01 Feudal Age
14:21 Wheelbarrow
13:34 Double-Bit Axe
13:33 Horse Collar
21:34 Castle Age
23:03 Hand Cart
22:51 Heavy Plow
23:14 Forging
25:41 Bloodlines
26:30 Scale Barding Armor
26:36 Husbandry
29:49 Chatras
36:05 Imperial Age
37:29 Ballistics
37:59 Crop Rotation
38:04 Chain Barding Armor
38:20 Iron Casting
40:15 Paper Money
Dr. Krauss
3:07 Loom
7:54 Loom
8:03 Loom
12:36 Feudal Age
14:07 Double-Bit Axe
14:06 Horse Collar
15:05 Wheelbarrow
22:01 Castle Age
22:10 Stone Mining
22:15 Gold Mining
22:51 Forging
22:34 Fletching
24:03 Scale Mail Armor
25:03 Chain Mail Armor
26:07 Iron Casting
29:26 Elite Skirmisher
31:00 Gambesons
32:21 Squires
32:08 Arson
33:33 Bodkin Arrow
Death_Rider
8:26 Loom
10:34 Feudal Age
11:07 Double-Bit Axe
11:23 Horse Collar
13:00 Forging
21:55 Castle Age
20:43 Bloodlines
20:43 Scale Barding Armor
20:57 Gold Mining
22:19 Scale Mail Armor
22:22 Fletching
22:39 Husbandry
25:17 Heavy Plow
25:27 Light Cavalry
28:40 Town Watch
29:31 Wheelbarrow
33:59 Bow Saw
34:28 Town Patrol
37:34 Imperial Age
35:34 Szlachta Privileges
36:41 Hand Cart
37:11 Stone Mining
39:19 Iron Casting
38:08 Cavalier
38:09 Winged Hussar
40:00 Conscription
40:28 Lechitic Legacy
41:34 Hoardings
41:38 Crop Rotation
41:46 Stone Shaft Mining
41:42 Ballistics
42:22 Chemistry
43:11 Blast Furnace
42:32 Chain Barding Armor
42:08 Bodkin Arrow
43:28 Thumb Ring
44:14 Padded Archer Armor
44:43 Heavy Mounted Crossbowman
45:57 Elite Obuch
47:08 Murder Holes
46:50 Elite Skirmisher
Latvijas Balzams
0:41 Loom
13:02 Feudal Age
13:35 Town Watch
14:20 Double-Bit Axe
20:53 Castle Age
18:45 Horse Collar
21:15 Bloodlines
21:18 Light Cavalry
bergiebird
0:41 Loom
12:00 Feudal Age
13:25 Wheelbarrow
12:38 Double-Bit Axe
12:36 Horse Collar
12:50 Gold Mining
15:16 Stone Mining
19:37 Town Watch
22:40 Castle Age
21:12 Scale Mail Armor
23:46 Heavy Plow
24:01 Bow Saw
25:01 Gold Shaft Mining
26:58 Hand Cart
30:17 Imperial Age
28:13 Fervor
28:07 Squires
28:38 Man-at-Arms
29:04 Gambesons
29:33 Forging
29:38 Chain Mail Armor
31:04 Iron Casting
29:51 Long Swordsman
30:17 Arson
30:42 Two-Handed Swordsman
32:00 Fereters
32:41 Conscription
32:38 Champion
33:51 Plate Mail Armor
35:14 Blast Furnace
34:13 Treadmill Crane
43:03 Hoardings
47:01 Elite Composite Bowman
47:43 Fletching
47:56 Padded Archer Armor
48:21 Elite Composite Bowman
49:32 Ballistics
50:13 Chemistry
49:10 Bodkin Arrow
49:32 Leather Archer Armor
Seceptania
0:43 Loom
11:54 Feudal Age
12:34 Town Watch
13:25 Wheelbarrow
13:34 Horse Collar
13:40 Double-Bit Axe
15:33 Fletching
15:44 Padded Archer Armor
19:15 Scale Mail Armor
25:16 Castle Age
25:21 Crossbowman
26:03 Bodkin Arrow
26:24 Leather Archer Armor
30:13 Hand Cart
35:09 Bow Saw
41:55 Imperial Age
39:27 Town Patrol
41:10 Murder Holes
43:31 Ballistics
43:28 Warwolf
43:49 Yeomen
44:38 Chemistry
43:40 Bracer
44:11 Ring Archer Armor
44:18 Siege Engineers
44:24 Masonry
44:17 Arbalester
49:58 Two-Man Saw
48:52 Fishing Lines
49:00 Treadmill Crane
49:51 Architecture
50:07 Hoardings
49:54 Conscription
49:42 Arbalester
iachen
12:51 Feudal Age
17:49 Castle Age
16:38 Double-Bit Axe
17:46 Horse Collar
19:18 Wheelbarrow
22:44 Stone Mining
29:16 Gold Mining
29:32 Padded Archer Armor
29:47 Bow Saw
32:32 Imperial Age
31:17 Gold Shaft Mining
30:54 Heavy Plow
33:55 Conscription
33:38 Artillery
37:44 Conscription
38:11 Elite Janissary
nm18
0:44 Loom
12:37 Feudal Age
16:24 Castle Age
14:43 Double-Bit Axe
15:37 Gold Mining
24:55 Wheelbarrow
24:07 Town Watch
27:24 Stone Mining
32:30 Gold Shaft Mining
32:23 Hand Cart
32:57 Bow Saw
35:00 Town Patrol
35:11 Forging
34:55 Fletching
35:27 Ballistics
35:03 Murder Holes
37:00 Treadmill Crane
37:30 Masonry
40:07 Imperial Age
38:57 Bodkin Arrow
39:14 Forging
39:09 Scale Barding Armor
38:27 Ordonnance Companies
41:49 Iron Casting
41:35 Chain Barding Armor
47:32 Coinage
47:03 Caravan
52:06 Imperial Age
Connection lost

Rejoining the realm…

Still unreachable

The connection could not be restored.

Session expired

The server has moved on; the page needs a fresh start.